AoeStats
← cosmoto

Northern Isles

510337314Analyzed
1v1 RM · 2d ago on Sep 30, 2026· 39m 58s· 2 players
Game mode
Random Map
Map size
Tiny (2 player)
Population
200
Speed
Normal
Resources
Standard
Victory
Conquest
Starting age
Dark Age
Ending age
Imperial Age
RankedLock teamsTeams togetherTeam positionsShared explorationLock speedFull tech treeHidden civsTurbo modeCheats
Victory
Defeat
🇧🇷 Vikings · Brazil
651
+14
🇷🇴 Varangians · Romania
604
-14
cosmoto
10:53 Feudal Age
11:25 Double-Bit Axe
11:22 Fishing Lines
11:53 Gold Mining
15:23 Stone Mining
16:39 Horse Collar
20:01 Forging
22:49 Castle Age
23:14 Wheelbarrow
24:25 Gillnets
24:19 Horse Collar
29:23 Iron Casting
28:51 Gambesons
35:08 Man-at-Arms
39:54 Imperial Age
gustavoageon
10:23 Feudal Age
9:45 Loom
13:27 Gold Mining
13:24 Double-Bit Axe
13:32 Fishing Lines
17:00 Loom
19:26 Castle Age
19:17 Stone Mining
20:29 Gillnets
21:22 Gold Shaft Mining
20:58 Bow Saw
21:58 Medium Warships
24:10 Clinker Construction
24:11 Careening
24:06 Siphons
24:22 Ballistics
26:58 Fletching
27:09 Padded Archer Armor
27:19 Forging
27:09 Scale Mail Armor
39:41 Chieftains
Connection lost

Rejoining the realm…

Still unreachable

The connection could not be restored.

Session expired

The server has moved on; the page needs a fresh start.